 Dungeon Crawl Stone Soup version 0.23.1 (webtiles) character file.

Game seed: 18216057073177806760

1546 Fang the Skirmisher (level 8, -3/52 HPs)
             Began as a Gargoyle Berserker on Mar 19, 2019.
             Was a Priest of Trog.
             Slain by Harold
             ... wielding a +0 battleaxe
              (14 damage)
             ... on level 6 of the Dungeon.
             The game lasted 00:05:41 (5318 turns).

Fang the Skirmisher (Gargoyle Berserker)            Turns: 5318, Time: 00:05:41

Health: -3/52      AC: 18    Str: 22    XL:     8   Next: 87%
Magic:  8/8        EV:  4    Int:  9    God:    Trog [***...]
Gold:   329        SH:  0    Dex:  9    Spells: 7/7 levels left

rFire    . . .     SeeInvis .   o - +0 war axe
rCold    . . .     Gourm    .   (no shield)
rNeg     + + .     Faith    .   f - +0 plate armour
rPois    ∞         Spirit   .   (no helmet)
rElec    +         Reflect  .   (no cloak)
rCorr    +         Harm     .   (no gloves)
MR       ++...                  (no boots)
Stlth    ..........             (no amulet)
HPRegen  1.17/turn              r - ring of resist corrosion
MPRegen  0.11/turn              x - ring of positive energy

@: marked, berserk cooldown, held, regenerating, slowed, very slow
A: negative energy resistance 1, electricity resistance, unbreathing,
petrification resistance, rot immunity, AC +5
a: Berserk, Trog's Hand, Renounce Religion


You were on level 6 of the Dungeon.
You worshipped Trog.
Trog was most pleased with you.
You were not hungry.

You visited 1 branch of the dungeon, and saw 7 of its levels.
You also visited: Sewer.

You collected 329 gold pieces.

Inventory:

Hand Weapons
 o - a +0 war axe (weapon)
Armour
 f - a +0 plate armour (worn)
Jewellery
 r - a ring of resist corrosion (left hand)
 x - a ring of positive energy (right hand)
 A - an uncursed amulet of the gourmand {unknown}
Wands
 l - a wand of polymorph (7)
 z - a wand of paralysis (7)
Scrolls
 a - 2 scrolls of magic mapping
 d - 5 scrolls of teleportation
 e - a scroll of identify
 g - a scroll of fear
 j - 5 scrolls of remove curse
 n - 4 scrolls of amnesia {unknown}
 s - 2 scrolls of blinking {unknown}
 t - 2 scrolls of enchant armour {unknown}
 v - 2 scrolls of random uselessness {unknown}
 w - 2 scrolls of immolation {unknown}
 y - a scroll of fog {unknown}
Potions
 b - 2 potions of haste {unknown}
 h - 2 potions of curing
 k - 3 potions of flight
 m - 2 potions of resistance {unknown}
 p - 3 potions of brilliance {unknown}
 q - 2 potions of degeneration {unknown}
 u - a potion of lignification {unknown}
Comestibles
 c - 6 rations


   Skills:
 + Level 6.7 Fighting
 + Level 5.6 Axes
 + Level 6.2 Armour
 + Level 4.7 Dodging


You had 7 spell levels left.
You didn't know any spells.
Your spell library was empty.

Dungeon Overview and Level Annotations

Branches:
Dungeon (7/15)
 Temple: D:4-7

Altars:

Shops:
D:4 [   D:6 (

Annotations:
D:6 Harold


Innate Abilities, Weirdness & Mutations

You are resistant to torment.
Your stone body is resilient. (AC +5)
You are immune to poison.
You resist negative energy. (rN+)
You are resistant to electric shocks. (rElec)
You can survive without breathing.
You are immune to petrification.
You are immune to rotting.


Message History

You feel resistant to hostile enchantments.
You are near starving!
The howler monkey hits you but does no damage.
Harold barely misses you. The howler monkey barely misses you.
You feel better. The howler monkey hits you.
Harold hits you with a +0 battleaxe!
* * * LOW HITPOINT WARNING * * *
You eat one of the 7 rations.
That ration really hit the spot!
The howler monkey hits you but does no damage.
Harold hits you but does no damage.
The howler monkey hits you but does no damage.
Your skin crawls.
You feel resistant to hostile enchantments.
You feel somewhat more hungry.
The howler monkey hits you but does no damage.
Harold points at you and mumbles some strange words.
A sentinel's mark forms upon you.
The howler monkey hits you but does no damage.
Harold hits you with a +0 battleaxe!
You die...

.....# #.#.....# #.# #.#
.....#########.#<#.#####.###.####
#####...(...<..)[[...............
# #.##########.################
#####.# #.#...# .....>## #.....#
...[...# #.#...# ######.# #h##.##
# #.# #@##.# ## #.# #@##.# ##.
#.# #.##.# ##.# #.# #.##.# #.##
#.# ###.##.# ##.#
#.#######...##.# ##.
######.##...........# ##
#.........####.###### ###########
.......#### #.# #..........


You could see Harold and a howler monkey.

Vanquished Creatures
  Grinder (D:5)
  Duvessa (D:5)
  3 orc warriors (D:6)
  A centaur (D:6)
  A crocodile (Sewer)
  A bullfrog (D:6)
  Dowan (D:5)
  A scorpion (D:6)
  3 wights
  2 howler monkeys (D:5)
  A bullfrog skeleton (D:4)
  An orc priest (D:6)
  An orc wizard (D:6)
  2 hounds (D:6)
  Ijyb (D:3)
  4 worker ants
  A hound skeleton (D:4)
  6 adders
  An ooze (D:3)
  7 leopard geckos
  14 orcs
  3 ball pythons
  5 giant cockroaches
  5 goblins (D:1)
  3 hobgoblins
  13 jackals
  7 kobolds
  4 quokkas
  2 bats
  2 frilled lizards
  A quokka skeleton (D:6)
  3 rats
102 creatures vanquished.

Notes
Turn   | Place    | Note
-------+----------+-------------------------------------------
     0 | D:1      | Fang the Gargoyle Berserker began the quest for the Orb.
     0 | D:1      | Reached XP level 1. HP: 14/14 MP: 1/1
   213 | D:1      | Reached XP level 2. HP: 14/19 MP: 2/2
  1035 | D:2      | Reached XP level 3. HP: 21/23 MP: 3/3
  1615 | D:3      | Noticed Ijyb
  1634 | D:3      | Killed Ijyb
  1634 | D:3      | Reached XP level 4. HP: 29/29 MP: 4/4
  1861 | D:3      | Reached ** piety under Trog
  2669 | D:4      | Reached XP level 5. HP: 18/33 MP: 5/5
  2827 | D:4      | Found Xaewnios's Antique Armour Shop.
  3149 | D:5      | Entered Level 5 of the Dungeon
  3167 | D:5      | Reached XP level 6. HP: 39/39 MP: 6/6
  3169 | D:5      | Noticed Grinder
  3172 | D:5      | Noticed Dowan
  3183 | D:5      | Killed Dowan
  3190 | D:5      | Paralysed by Grinder for 3 turns
  3195 | D:5      | Killed Grinder
  3195 | D:5      | Reached skill level 5 in Fighting
  3195 | D:5      | Reached XP level 7. HP: 21/44 MP: 7/7
  3331 | D:5      | Noticed Duvessa
  3353 | D:5      | Killed Duvessa
  3487 | D:5      | Found a glowing drain.
  3511 | Sewer    | Entered a sewer
  4250 | D:6      | Reached skill level 5 in Armour
  4407 | D:6      | Found Teoxzoplasch's Antique Weapon Shoppe.
  4414 | D:6      | Reached XP level 8. HP: 47/51 MP: 8/8
  4467 | D:7      | Noticed Harold
  4516 | D:5      | Reached skill level 5 in Axes
  4556 | D:6      | Reached *** piety under Trog
  5318 | D:6      | Slain by Harold

Skill      XL: |  1  2  3  4  5  6  7  8 |
---------------+-------------------------+-----
Axes           | 3 4 5 |  5.6
Dodging        | 2 3 4 |  4.7
Fighting       | 4 5 6 |  6.7
Armour         | 3 4 5 6 |  6.2

Action                   |  1- 3 |  4- 6 |  7- 9 || total
-------------------------+-------+-------+-------++-------
Melee: Hand axe          |    82 |       |       ||    82
       War axe           |    21 |   133 |   178 ||   332
       Unarmed           |     2 |       |       ||     2
Invok: Berserk           |       |     1 |     6 ||     7
       Trog's Hand       |       |       |     4 ||     4
  Use: Scroll            |       |       |     5 ||     5
       Potion            |       |       |     1 ||     1
  Eat: Chunk             |     2 |     5 |    10 ||    17
       Ration            |       |       |     2 ||     2
Armor: Animal skin       |    15 |       |       ||    15
       Plate armour      |    44 |    99 |   210 ||   353
Dodge: Dodged            |    52 |    60 |   123 ||   235
